 Dungeon Crawl Stone Soup version 0.22-a0-266-g5fdf0d7 (webtiles) character file.

1213 Ijustatesigmund the Cudgeler (level 8, -3/53 HPs)
             Began as a Gargoyle Fighter on Mar 8, 2018.
             Was a Follower of Cheibriados.
             Killed by divine providence
             ... invoked by an orc priest
              (15 damage)
             ... on level 6 of the Dungeon.
             The game lasted 00:09:41 (4312 turns).

Ijustatesigmund the Cudgeler (Gargoyle Fighter)     Turns: 4312, Time: 00:09:41

Health: -3/53      AC: 15    Str: 23    XL:     8   Next: 46%
Magic:  7/11       EV: 10    Int: 12    God:    Cheibriados [*.....]
Gold:   235        SH: 10    Dex: 19    Spells: 7/7 levels left

rFire    . . .     SeeInvis .   a - +1 flail
rCold    . . .     Gourm    .   c - +0 shield
rNeg     + . .     Faith    .   b - +0 chain mail
rPois    ∞         Spirit   .   (no helmet)
rElec    +         Reflect  .   o - +0 cloak
rCorr    .         Harm     .   (no gloves)
MR       .....                  (no boots)
Stlth    +.........             (no amulet)
HPRegen  0.17/turn              q - ring of stealth
MPRegen  0.12/turn              (no ring)

@: agile, very slow
A: negative energy resistance 1, electricity resistance, unbreathing,
petrification resistance, rot immunity, AC +5
a: Bend Time, Renounce Religion


You were on level 6 of the Dungeon.
You worshipped Cheibriados.
Cheibriados was aware of your devotion.
You were not hungry.

You visited 1 branch of the dungeon, and saw 6 of its levels.

You collected 235 gold pieces.

Inventory:

Hand Weapons
 a - a +1 flail (weapon)
Missiles
 e - 5 javelins (quivered)
Armour
 b - a +0 chain mail (worn)
 c - a +0 shield (worn)
 o - a +0 cloak (worn)
 s - a +0 large shield
Jewellery
 p - an uncursed ring of wizardry {unknown}
 q - a ring of stealth (left hand)
Wands
 h - a wand of digging (10)
 m - a wand of paralysis (3)
Scrolls
 i - 3 scrolls of enchant weapon
 l - 4 scrolls of remove curse
 t - a scroll of identify
Potions
 d - a potion of agility
 g - 3 potions of flight
 j - a potion of haste
 k - 4 potions of brilliance
 n - 2 potions of curing
Comestibles
 f - 15 rations
 r - 2 chunks of flesh


   Skills:
 + Level 7.0 Fighting
 + Level 7.1 Maces & Flails
 - Level 3.2 Armour
 - Level 3.2 Shields
 + Level 4.3 Invocations


You had 7 spell levels left.
You didn't know any spells.

Dungeon Overview and Level Annotations

Branches:
Dungeon (6/15)
 Temple: D:4-7

Altars:
Ashenzari
Cheibriados
Ru


Innate Abilities, Weirdness & Mutations

You are resistant to torment.
Your stone body is resilient. (AC +5)
You are immune to poison.
You resist negative energy. (rN+)
You are resistant to electric shocks. (rElec)
You can survive without breathing.
You are immune to petrification.
You are immune to rotting.


Message History

The orc wizard seems to speed up.
You hit the orc warrior but do no damage.
The orc warrior is heavily wounded.
You block the orc warrior's attack.
The orc wizard mumbles some strange words.
The orc wizard blinks!
You sock the orc warrior!
The orc warrior is severely wounded.
You block the orc warrior's attack.
You thump the orc warrior!
You kill the orc warrior!
Your Fighting skill increases to level 7!
The orc wizard casts a spell at you. The magic dart hits you!
Something hits you but does no damage.
You sock the orc wizard!
The orc wizard is almost dead.
The orc wizard barely misses you. Something hits you but does no damage.
The orc priest calls down the wrath of Beogh upon you.
Beogh smites you!
You die...

#.......#
#.......##
#..........
#.......##..
#.(.....# #
#.......#
#.......# #
#.......#####..###
#........o@)oo....
#.......##########
#................
#################


You could see an orc priest, an orc wizard and an orc.

Vanquished Creatures
  Sigmund (D:3)
  An orc warrior (D:6)
  A phantom (D:5)
  A centaur (D:5)
  2 ogres (D:5)
  A water moccasin skeleton (D:5)
  A crimson imp (D:5)
  3 hounds
  A quasit (D:5)
  An orc wizard (D:5)
  Crazy Yiuf (D:2)
  An orc priest (D:5)
  Natasha (thrice) (D:3)
  2 worker ants
  Robin (D:1)
  8 adders
  An ooze (D:2)
  3 worms
  3 dart slugs
  4 leopard geckos
  5 orcs
  A ball python (D:1)
  8 bats
  8 giant cockroaches
  16 goblins
  12 hobgoblins
  6 jackals
  5 quokkas
  6 frilled lizards
  11 kobolds
  5 rats
123 creatures vanquished.

Notes
Turn   | Place    | Note
-------+----------+-------------------------------------------
     0 | D:1      | Ijustatesigmund the Gargoyle Fighter began the quest for the Orb.
     0 | D:1      | Reached XP level 1. HP: 14/14 MP: 1/1
   189 | D:1      | Reached XP level 2. HP: 19/19 MP: 2/2
   310 | D:1      | Reached XP level 3. HP: 19/24 MP: 3/3
   770 | D:2      | Noticed Robin
  1109 | D:1      | Killed Robin
  1109 | D:1      | Reached XP level 4. HP: 21/29 MP: 4/4
  1549 | D:2      | Found a sacrificial altar of Ru.
  1783 | D:2      | Found a runed door.
  1787 | D:2      | Noticed Crazy Yiuf
  1797 | D:2      | Killed Crazy Yiuf
  1797 | D:2      | Reached XP level 5. HP: 30/34 MP: 5/5
  1947 | D:3      | Found a faded altar of an unknown god.
  1961 | D:3      | Noticed Sigmund
  1972 | D:3      | Killed Sigmund
  1972 | D:3      | Reached skill level 5 in Fighting
  1972 | D:3      | Reached skill level 5 in Maces & Flails
  1972 | D:3      | Reached XP level 6. HP: 37/40 MP: 6/6
  2114 | D:3      | Noticed Natasha
  2123 | D:3      | Killed Natasha
  2379 | D:3      | Found a snail-covered altar of Cheibriados.
  2416 | D:3      | Became a worshipper of Cheibriados the Contemplative
  2515 | D:3      | Noticed Natasha
  2527 | D:3      | Killed Natasha
  2701 | D:3      | Noticed Natasha
  2712 | D:3      | Killed Natasha
  2712 | D:3      | Reached XP level 7. HP: 27/44 MP: 7/7
  2841 | D:4      | Reached skill level 1 in Invocations
  2873 | D:4      | Reached * piety under Cheibriados
  2919 | D:4      | Found a shattered altar of Ashenzari.
  3182 | D:5      | Entered Level 5 of the Dungeon
  3798 | D:5      | Reached XP level 8. HP: 52/52 MP: 10/10
  4312 | D:6      | Killed from afar by an orc priest

Vault maps used:
D:1:      ncdulo_watergridlock, st_stairs_13
D:2:      minmay_tree_intersection, minivault_4,
          nicolae_ru_great_annihilating_truth, uniq_crazy_yiuf_cottage,
          uniq_robin
D:3:      chequers_ecumenical_altar_simple_redux, roderic_st_hans_cross,
          kennysheep_slug_shrine, uniq_sigmund, uniq_natasha
D:4:      cheibrodos_ashenzari_chains
D:5:      first_ration, bh_chokoban
D:6:      uniq_eustachio, uniq_grinder

Skill      XL: |  1  2  3  4  5  6  7  8 |
---------------+-------------------------+-----
Maces & Flails | 3 4 5 6 7 |  7.1
Fighting       | 4 5 6 7 |  7.0
Invocations    | 3 4 |  4.3
Armour         | |  3.2
Shields        | |  3.2

Action                   |  1- 3 |  4- 6 |  7- 9 || total
-------------------------+-------+-------+-------++-------
Melee: Flail             |   148 |   223 |   130 ||   501
Throw: Javelin           |       |     3 |    10 ||    13
Invok: Bend Time         |       |       |     2 ||     2
Evoke: Wand              |       |       |     4 ||     4
  Use: Scroll            |     5 |     5 |     2 ||    12
       Potion            |       |     1 |     4 ||     5
 Stab: Invisible         |       |     1 |       ||     1
  Eat: Chunk             |     1 |     6 |     3 ||    10
Armor: Scale mail        |   101 |   104 |       ||   205
       Chain mail        |       |    29 |   100 ||   129
Dodge: Dodged            |    53 |    74 |    33 ||   160
Block: Shield            |    89 |   131 |    80 ||   300

Table legend:
 A = Spawn XP
 B = Non-spawn XP
 C = Spawn XP percentage of total XP
 D = Spawn monster count
 E = Non-spawn monster count
 F = Spawn count percentage of total count
 G = Total turns spent on level
                    A         B        C        D         E        F      G
               +---------+---------+-------+---------+---------+-------+---------
         Total |       0 |    1733 |   0.0 |       0 |     123 |   0.0 |  4312
               +---------+---------+-------+---------+---------+-------+---------
           D:1 |       0 |      83 |   0.0 |       0 |      39 |   0.0 |  1230
           D:2 |       0 |     114 |   0.0 |       0 |      21 |   0.0 |   669
           D:3 |       0 |     428 |   0.0 |       0 |      35 |   0.0 |   936
           D:4 |       0 |     148 |   0.0 |       0 |       9 |   0.0 |   374
           D:5 |       0 |     813 |   0.0 |       0 |      16 |   0.0 |  1045
           D:6 |       0 |     147 |   0.0 |       0 |       3 |   0.0 |    58
               +---------+---------+-------+---------+---------+-------+---------
